 Dungeon Crawl Stone Soup version 0.25.0-10-g039870ee82 (webtiles) character file.

Game seed: 16623202246826587556

2576 nikku the Thaumaturge (level 9, -5/48 HPs)
             Began as a Deep Elf Conjurer on June 22, 2020.
             Was a Follower of Vehumet.
             Slain by a two-headed ogre
             ... wielding a +0 giant club
              (9 damage)
             ... on level 8 of the Dungeon on June 23, 2020.
             The game lasted 00:25:10 (8461 turns).

nikku the Thaumaturge (Deep Elf Conjurer)           Turns: 8461, Time: 00:25:11

Health: -5/48      AC: 10    Str:  5    XL:     9   Next: 32%
Magic:  11/24      EV: 10    Int: 24    God:    Vehumet [*.....]
Gold:   361        SH:  8    Dex: 15    Spells: 15/26 levels left

rFire    . . .     SeeInvis .   q - +4 whip (pain)
rCold    . . .     Gourm    .   x - +0 kite shield
rNeg     . . .     Faith    .   r - +2 robe {MR+}
rPois    .         Spirit   .   (no helmet)
rElec    .         Reflect  .   h - +1 cloak
rCorr    .         Harm     .   g - +1 pair of gloves
MR       +....                  o - +1 pair of boots
Stlth    ++........             (no amulet)
HPRegen  0.16/turn              w - ring of wizardry
MPRegen  0.19/turn              (no ring)

@: no status effects
A: no striking features
a: Renounce Religion


You were on level 8 of the Dungeon.
You worshipped Vehumet.
Vehumet was aware of your devotion.
You were hungry.

You visited 1 branch of the dungeon, and saw 8 of its levels.

You collected 361 gold pieces.

Inventory:

Hand Weapons
 q - a +4 whip of pain (weapon)
Missiles
 l - 32 poisoned darts (quivered)
Armour
 g - a +1 pair of gloves (worn)
 h - a +1 cloak (worn)
 o - a +1 pair of boots (worn)
 r - a +2 robe of magic resistance (worn)
 x - a +0 kite shield (worn)
Jewellery
 w - a ring of wizardry (left hand)
Wands
 s - a wand of polymorph (1)
 t - a wand of digging (2)
Scrolls
 e - a scroll of teleportation
 f - 6 scrolls of remove curse
 n - a scroll of fog
 u - 2 scrolls of enchant weapon
Potions
 b - 2 potions of heal wounds
 d - a potion of flight
 i - 3 potions of lignification
 j - 2 potions of brilliance
 k - 2 potions of ambrosia
 m - a potion of mutation
 p - 5 potions of curing
Comestibles
 c - 8 rations


   Skills:
 + Level 2.2 Fighting
 - Level 2.4 Dodging
 - Level 2.4 Stealth
 * Level 3.3 Shields
 + Level 9.0 Spellcasting
 + Level 7.0 Conjurations
 + Level 7.2 Hexes
 + Level 6.1 Translocations


You had 15 spell levels left.
You knew the following spells:

 Your Spells              Type           Power        Failure   Level  Hunger
a - Magic Dart            Conj           ####         1%          1    None
b - Searing Ray           Conj           #####.       1%          2    None
c - Fulminant Prism       Conj/Hex       #####.....   6%          4    ##.....
d - Iskenderun's Mystic   Conj/Tloc      #####...     7%          4    ##.....

Your spell library contained the following spells:

 Spells                   Type           Power        Failure   Level  Hunger
 Foxfire                  Conj/Fire      ####         2%          1    None
 Corona                   Hex            #####..      1%          1    None
 Confusing Touch          Hex            #####...     1%          3    None
 Dazzling Flash           Conj/Hex       #####.       1%          3    None
 Tukima's Dance           Hex            #####...     1%          3    None
 Ensorcelled Hibernation  Hex/Ice        ####..       3%          2    None


Dungeon Overview and Level Annotations

Branches:
Dungeon (8/15)             Temple (0/1) D:7
   Lair: D:8-11

Altars:
Cheibriados
Dithmenos
Elyvilon
Kikubaaqudgha
Makhleb
Qazlal
Sif Muna
Vehumet
Wu Jian
Xom

Annotations:
D:5 3 runed translucent doors, DevastatorOne's ghost, amateur MiBe; Skimidon's ghost, amateur HOFi


Message History

Okay, then.
Okay, then.
Evoke which item? (* to show all) (? for menu, Esc to quit)
Aiming: Polymorph
Press: ? - help, Shift-Dir - straight line, f/p - two-headed ogre
Aim: a two-headed ogre, wielding a +0 giant club and a +0 dire flail (heavily wounded, chance to defeat MR: 28%)
The two-headed ogre easily resists.
The two-headed ogre hits you with a +0 giant club.
The two-headed ogre hits you with a +0 dire flail!
* * * LOW HITPOINT WARNING * * *
Evoke which item? (* to show all) (? for menu, Esc to quit)
Aiming: Polymorph
Press: ? - help, Shift-Dir - straight line, f/p - two-headed ogre
Aim: a two-headed ogre, wielding a +0 giant club and a +0 dire flail (heavily wounded, chance to defeat MR: 28%)
The two-headed ogre easily resists.
There is a stone staircase leading up here.
The two-headed ogre hits you with a +0 giant club.
* * * LOW HITPOINT WARNING * * *
The two-headed ogre hits you with a +0 dire flail!
You die...

...# .# #..# .#
#..##.# .......
#..#..# .......
#....## .......
#.....# .......
#.....# .....
##...#.# ..a
#@O..#.##.#
#.#...(...#
#...##....#
#..###.#).)(..
#..#..(.#..##..
#..#....#....
#..#........##
#..#........#
#.........


You could see a two-headed ogre.

Vanquished Creatures
  An ice beast (D:5)
  A sky beast (D:5)
  2 orc warriors (D:7)
  A phantom (D:5)
  A black bear (D:7)
  4 ogres
  A centaur (D:7)
  A big kobold (D:8)
  3 bullfrogs
  A scorpion (D:6)
  6 killer bees (D:7)
  A bullfrog zombie (D:5)
  3 crimson imps
  A hound (D:6)
  2 orc priests
  10 orc wizards
  A centaur skeleton (D:5)
  2 iguanas
  6 worker ants
  A killer bee zombie (D:5)
  A worker ant zombie (D:5)
  7 gnolls
  9 adders
  4 oozes
  4 worms
  2 dart slugs
  2 leopard geckos
  15 orcs
  4 giant cockroaches
  9 goblins
  20 hobgoblins
  4 jackals
  3 quokkas
  5 ball pythons
  5 bats
  9 frilled lizards
  A jackal skeleton (D:4)
  8 kobolds
  8 rats
169 creatures vanquished.

Vanquished Creatures (others)
  9 fulminant prisms
  3 withered plants (D:5)
12 creatures vanquished.

Grand Total: 181 creatures vanquished

Notes
Turn   | Place    | Note
-------+----------+-------------------------------------------
     0 | D:1      | nikku the Deep Elf Conjurer began the quest for the Orb.
     0 | D:1      | Reached XP level 1. HP: 10/10 MP: 6/6
   158 | D:1      | Reached XP level 2. HP: 15/15 MP: 5/8
   162 | D:1      | Learned a level 2 spell: Searing Ray
   824 | D:1      | Reached skill level 4 in Spellcasting
   830 | D:1      | Reached skill level 5 in Conjurations
   830 | D:1      | Reached XP level 3. HP: 19/19 MP: 2/10
  2035 | D:2      | Reached XP level 4. HP: 24/24 MP: 8/12
  2584 | D:3      | Learned a level 4 spell: Fulminant Prism
  2589 | D:3      | Reached skill level 5 in Spellcasting
  2596 | D:3      | Learned a level 4 spell: Iskenderun's Mystic Blast
  3250 | D:3      | Reached skill level 1 in Hexes
  3250 | D:3      | Reached skill level 1 in Translocations
  3250 | D:3      | Reached XP level 5. HP: 28/28 MP: 11/14
  3465 | D:4      | Noticed an ogre
  3474 | D:4      | Killed an ogre
  3649 | D:4      | Reached XP level 6. HP: 32/32 MP: 9/16
  3807 | D:4      | Reached skill level 6 in Spellcasting
  3855 | D:4      | Found a snail-covered altar of Cheibriados.
  4214 | D:4      | Found an ornate altar of the Wu Jian Council.
  4246 | D:5      | Entered Level 5 of the Dungeon
  4258 | D:5      | Found a runed translucent gate.
  4258 | D:5      | Found a runed translucent gate.
  4258 | D:5      | Found a runed translucent gate.
  4258 | D:5      | Noticed DevastatorOne's ghost (amateur MiBe)
  4259 | D:5      | Noticed Skimidon's ghost (amateur HOFi)
  4400 | D:5      | Noticed a sky beast
  4410 | D:5      | Killed a sky beast
  4410 | D:5      | Reached XP level 7. HP: 36/36 MP: 11/18
  4596 | D:5      | Reached skill level 7 in Spellcasting
  4799 | D:5      | Found a shimmering altar of Xom.
  4840 | D:5      | Reached skill level 5 in Hexes
  5480 | D:6      | Reached XP level 8. HP: 41/41 MP: 16/21
  5767 | D:6      | Found a shimmering blue altar of Sif Muna.
  5769 | D:6      | Reached skill level 8 in Spellcasting
  5839 | D:6      | Reached skill level 5 in Translocations
  6028 | D:6      | Found an ancient bone altar of Kikubaaqudgha.
  6055 | D:6      | Found a radiant altar of Vehumet.
  6061 | D:6      | Reached skill level 1 in Shields
  6170 | D:6      | Identified Vehumet's Papyrus of Battle Magic
  6172 | D:6      | Became a worshipper of Vehumet
  6792 | D:7      | Found a shadowy altar of Dithmenos.
  6871 | D:7      | Reached skill level 1 in Fighting
  7248 | D:7      | Reached * piety under Vehumet
  7248 | D:7      | Offered knowledge of Foxfire by Vehumet.
  7334 | D:7      | Found a staircase to the Ecumenical Temple.
  7370 | D:7      | Reached XP level 9. HP: 40/48 MP: 20/23
  7686 | D:7      | Found a white marble altar of Elyvilon.
  7836 | D:7      | Found a stormy altar of Qazlal.
  7935 | D:7      | Reached skill level 9 in Spellcasting
  8013 | D:7      | Found a burning altar of Makhleb.
  8447 | D:8      | Noticed a two-headed ogre
  8461 | D:8      | Slain by a two-headed ogre

Illustrated notes

Levels and vault maps discovered:
D:1:      shiori_arrival_oz, layout_basic
D:2:      minmay_razor_zed, layout_loops_ring, chequers_big_river, uniq_jessica
D:3:      layout_basic
D:4:      layout_rooms, marbit_many_paths, kennysheep_slug_shrine
D:5:      layout_loops_cross, old_standard_altar, first_ration,
          gammafunk_ghost_cemetery, corexii_item_surrounded_by_moat,
          chequers_serial_rivers_micro_a
D:6:      layout_loops_cross, palyth_temple_overflow_mages,
          kennysheep_generic_room_6
D:7:      layout_basic, lemuel_coloured_pillars_altar, makhleb_grotto_becter,
          elyvilon_altar_1, lemuel_crystal_altar, minmay_temple_entry_large_hall
D:8:      layout_rooms, david_lair_shrubbed, tgw_xom

Skill      XL: |  1  2  3  4  5  6  7  8  9 |
---------------+----------------------------+-----
Spellcasting   | 4 5 6 7 8 9 |  9.0
Conjurations   | 5 6 7 |  7.0
Hexes          | 1 2 3 5 6 7 |  7.2
Translocations | 1 2 3 4 5 6 |  6.1
Shields        | 2 3 |  3.3
Fighting       | 1 2 |  2.2
Dodging        | |  2.4
Stealth        | |  2.4

Action                   |  1- 3 |  4- 6 |  7- 9 || total
-------------------------+-------+-------+-------++-------
 Cast: Magic Dart        |    76 |   101 |    98 ||   275
       Searing Ray       |     9 |    12 |    41 ||    62
       Fulminant Prism   |       |       |     9 ||     9
Evoke: Wand              |       |       |     2 ||     2
  Use: Scroll            |     7 |     7 |     6 ||    20
  Eat: Chunk             |     3 |     7 |     9 ||    19
       Ration            |       |       |     1 ||     1
Armor: Robe              |     1 |     7 |    10 ||    18
Dodge: Dodged            |     4 |    10 |    14 ||    28
Block: Kite shield       |       |       |     7 ||     7
